 Dungeon Crawl Stone Soup version 0.32-a0-18-g89e19f1974 (webtiles) character file.

Game seed: 11890903363836817216

230 Dirian the Ruffian (level 6, -1/41 HPs)
             Began as an Octopode Shapeshifter on Jan 17, 2024.
             Was a Follower of Nemelex Xobeh.
             Slain by a lemure (3 damage)
             ... led by Pikel
             ... on level 4 of the Dungeon.
             The game lasted 00:06:10 (2644 turns).

Dirian the Ruffian (Octopode Shapeshifter)          Turns: 2644, Time: 00:06:11

Health: -1/41      AC:  1    Str: 16    XL:     6   Next: 3%
Magic:  6/6        EV: 12    Int: 12    God:    Nemelex Xobeh [*.....]
Gold:   139        SH:  4    Dex: 11    Spells: 5/5 levels left

rFire   . .          .
                       - Unarmed
rCold   . . .        f - +1 buckler
rNeg    + . .        (helmet currently unavailable)
rPois   .            (no amulet)
rElec   .            e - ring of positive energy
rCorr   .            g - ring of flight
SInv    .            (no ring)
Will    .....        (no ring)
Stlth   +++          (no ring)
HPRegen 0.26/turn    (no ring)
MPRegen 0.10/turn    (no ring)
                     (no ring)

%: no passive effects
@: beast-form, flying
A: beast (slay +2), almost no armour, amphibious, 8 rings, camouflage 1,
gelatinous body 1, (nimble swimmer 1), tentacles
a: Begin Untransformation, Renounce Religion, Draw Escape, Draw Destruction,
Draw Summoning


You were on level 4 of the Dungeon.
You worshipped Nemelex Xobeh.
Nemelex Xobeh was aware of your devotion.
You were a hulking beast.
You visited 1 branch of the dungeon, and saw 4 of its levels.

You collected 139 gold pieces.

Inventory:

Armour
 f - a +1 buckler (worn)
Jewellery
 a - a ring of magical power
 e - a ring of positive energy (left tentacle)
 g - a ring of flight (right tentacle)
 k - an amulet of magic regeneration
Talismans
 b - a beast talisman (active)
 c - a flux talisman
Scrolls
 j - a scroll of enchant weapon
 r - 8 scrolls of identify
 t - a scroll of teleportation
Potions
 d - a potion of cancellation
 q - a potion of curing


   Skills:
 * Level 2.5 Fighting
 + Level 2.3 Dodging
 + Level 3.2 Stealth
 + Level 0.1 Shields
 + Level 4.3 Unarmed Combat
 * Level 4.0 Shapeshifting


You had 5 spell levels left.
You didn't know any spells.
Your spell library contained the following spells:

 Spells                   Type           Power      Damage    Failure   Level
 Scorch                   Fire           0%         2d5       54%         2
 Fugue of the Fallen      Necr           0%         N/A       78%         3
 Ozocubu's Armour         Ice            0%         N/A       78%         3
 Flame Wave               Conj/Fire      0%         2d4       99%         4
 Manifold Assault         Tloc           0%         N/A       99%         4
 Summon Cactus Giant      Summ           0%         N/A       100%        6


Dungeon Overview and Level Annotations

Branches:
Dungeon (4/15) Zot: 21359
 Temple: D:4-7

Altars:
Ashenzari
Nemelex Xobeh
Uskayaw

Shops:
D:2 (

Annotations:
D:3 1 runed translucent door, Crazy Yiuf
D:4 Pikel


Innate Abilities, Weirdness & Mutations

You are a hulking beast.
Your limbs bulge with bestial killing power. (Slay +2)
You cannot wear most types of armour.
You are amphibious.
You can wear up to eight rings at the same time.
Your skin changes colour to match your surroundings (Stealth+).
Your rubbery body absorbs attacks. (AC +1, EV +1)
((You are camouflaged when in or above water. (Stealth+)))
You have tentacles for arms and can constrict up to eight enemies at once.


Message History

You now have 3 escape cards, 7 destruction cards and 2 summoning cards.
The helpless ball python fails to defend itself.
You bludgeon the ball python!
You kill the ball python!
You see here a ball python corpse.
You now have 139 gold pieces (gained 8).
You see here a +0 leather armour. 2 lemures come into view.
The lemure shouts! x2; You hear a shout! x3
The lemure moves out of view. x2
Pikel, Merchant of Souls comes into view.
He is wielding a +1 whip of freezing, wearing a +2 robe of cold resistance and carrying a wand of flame.
Pikel moves out of view.
The lemure attacks as it pursues you! The lemure hits you!
You bludgeon the lemure! Your grab misses the lemure.
Your squeeze misses the lemure.
The lemure is moderately wounded.
The lemure hits you!
You draw a card...
You have drawn Vitriol.
Press: ? - help, Shift-Dir - straight line, f - Pikel
Aim: Pikel, wielding a +1 whip of freezing, wearing a +2 robe of cold resistance and carrying a wand of flame The glob of acid misses the lemure.
The glob of acid hits Pikel!
Pikel is moderately wounded.
The lemure hits you!
You draw a card...
You have drawn the Orb.
Press: ? - help, Shift-Dir - straight line, f/p - Pikel
Aim: Pikel, wielding a +1 whip of freezing, wearing a +2 robe of cold resistance and carrying a wand of flame (moderately wounded)
Your orb of destruction hits a rock wall.
The lemure hits you!
* * * LOW HITPOINT WARNING * * *
You draw a card...
You have drawn Wild Magic.
The air around the lemure burns with energy.
Pikel is engulfed in negative energy!
Pikel is drained!
The lemure shivers with cold.
The lemure completely resists.
You feel a surge of magic. The lemure hits you!
* * * LOW HITPOINT WARNING * * *
You draw a card...
You have drawn the Dance.
The lemure hits you.
You die...
Your body glows slightly and disappears.

.##.# ...
####.########
#....##.....#
#.#####.....# #5#
#.....# #K#
#.....# #5#
#.....# #h#
###.#.## #(#
####..#.## #.#
#....###.##
#.####.#.## ##.###
#.......#.###.....
######
######..#..#..####
.....#
#..........#
.###.#
#.#..#.....#
.#...# ########
#.#........#


You could see Pikel (drained), 2 lemures and a friendly -1 hand axe (summoned).

Vanquished Creatures
  An orc priest (D:3)
  Jessica (D:2)
  An orc wizard (D:3)
  Robin (D:2)
  5 adders
  2 ribbon worms (D:3)
  3 orcs (D:3)
  5 bats
  6 endoplasms
  7 giant cockroaches
  16 goblins
  7 hobgoblins
  7 kobolds
  4 quokkas
  4 ball pythons
  3 frilled lizards
  7 rats
80 creatures vanquished.

Notes
Turn   | Place    | Note
-------+----------+-------------------------------------------
     0 | D:1      | Dirian the Octopode Shapeshifter began the quest for the
                  | Orb.
     0 | D:1      | Reached XP level 1. HP: 13/13 MP: 1/1
   187 | D:1      | Reached XP level 2. HP: 13/18 MP: 2/2
   454 | D:1      | Found a faded altar of an unknown god.
   567 | D:1      | Reached XP level 3. HP: 23/23 MP: 3/3
   863 | D:2      | Reached skill level 1 in Stealth
   891 | D:2      | Found Ruschurae's Weapon Emporium.
  1051 | D:2      | Noticed Robin
  1053 | D:2      | Reached XP level 4. HP: 6/28 MP: 4/4
  1053 | D:2      | HP: 1/28 [goblin/+0 dagger[Robin] (2)]
  1058 | D:2      | Killed Robin
  1332 | D:2      | Noticed Jessica
  1341 | D:2      | Killed Jessica
  1506 | D:3      | Found a sparkling altar of Nemelex Xobeh.
  1514 | D:3      | Reached XP level 5. HP: 13/34 MP: 5/5
  1628 | D:3      | Became a worshipper of Nemelex Xobeh the Trickster
  1781 | D:3      | Found a runed translucent door.
  1782 | D:3      | Noticed Crazy Yiuf
  2099 | D:3      | Reached * piety under Nemelex Xobeh
  2146 | D:3      | Found a broken altar of Ashenzari.
  2158 | D:3      | Found a hide-covered altar of Uskayaw.
  2285 | D:3      | Identified the +2 robe of the Bull {rElec Regen+}
  2473 | D:4      | Reached XP level 6. HP: 31/41 MP: 6/6
  2578 | D:4      | Received a gift from Nemelex Xobeh
  2633 | D:4      | Noticed Pikel
  2643 | D:4      | HP: 2/41 [lemure[Pikel] (7)]
  2644 | D:4      | Slain by a lemure

Illustrated notes

Levels and vault maps discovered:
D:1:      minmay_arrival_doors, layout_basic,
          dreamdust_ecumenical_altar_angels_and_demons
D:2:      layout_rooms, serial_shops, shop, kennysheep_jessica_study, uniq_robin
D:3:      layout_basic, overflow_temple_1_default, jmf_multi_god_temple2,
          serial_bayou_ford_a, uniq_crazy_yiuf_cottage
D:4:      layout_loops_cross, serial_library_hellmonk_metal_room, uniq_grinder,
          uniq_pikel

Skill      XL: |  1  2  3  4  5 |
---------------+----------------+-----
Stealth        | 1 3 |  3.2
Unarmed Combat | 4 |  4.3
Fighting       | 2 |  2.5
Shapeshifting  | 4 |  4.0
Dodging        | |  2.3
Shields        | |  0.1

Action                     |  1- 3 |  4- 6 || total
---------------------------+-------+-------++-------
  Melee: Unarmed           |    75 |    65 ||   140
         Constrict         |    19 |    20 ||    39
         Tentacles         |     7 |    14 ||    21
         Punch             |     1 |     1 ||     2
 Invoke: Draw Destruction  |       |     3 ||     3
         Draw Summoning    |       |     1 ||     1
    Use: Scroll            |       |     4 ||     4
         Potion            |       |     4 ||     4
   Stab: Sleeping          |     5 |     7 ||    12
 Armour: Skin              |    29 |    39 ||    68
  Dodge: Dodged            |    32 |    22 ||    54
  Block: Buckler           |     8 |     4 ||    12
   Form: Beast             |     1 |       ||     1

Table legend: (Time is in decaauts)
 A = Elapsed time spent in this place.
 B = Non-inter-level travel time spent in this place.
 C = Inter-level travel time spent in this place.
 D = Time resting spent in this place.
 E = Time spent auto-exploring this place.
 F = Levels seen in this place.
 G = Mean time per level.
                   A        B        C        D        E       F      G
               +--------+--------+--------+--------+--------+-----+--------+
         Total |   2639 |   2545 |     94 |    121 |   1834 |   4 |  659.8 |
       Dungeon |   2639 |   2545 |     94 |    121 |   1834 |   4 |  659.8 |
               +--------+--------+--------+--------+--------+-----+--------+

Top non-repeatable levels by time:
     D:3: 855 daAuts
     D:1: 805 daAuts
     D:2: 780 daAuts
     D:4: 198 daAuts
